 Dungeon Crawl Stone Soup version 0.28-a0-845-gfc338a8e3c (webtiles) character file.

Game seed: 8574951197978282705

16 Gargoyl the Skirmisher (level 2, -2/29 HPs)
             Began as a Gnoll Abyssal Knight on Nov 13, 2021.
             Was a Follower of Lugonu.
             Frozen to death by an endoplasm (5 damage)
             ... on level 1 of the Dungeon.
             The game lasted 00:01:13 (482 turns).

Gargoyl the Skirmisher (Gnoll Abyssal Knight)        Turns: 482, Time: 00:01:13

Health: -2/29      AC:  3    Str: 12    XL:     2   Next: 58%
Magic:  5/5        EV: 12    Int:  9    God:    Lugonu [*.....]
Gold:   30         SH:  0    Dex: 12    Spells: 1/1 levels left

rFire   . . .      SeeInvis .   c - +0 dagger (venom)
rCold   . . .      Faith    .   (no shield)
rNeg    . . .      Spirit   .   b - +0 leather armour
rPois   .          Reflect  .   (no helmet)
rElec   .          Harm     .   (no cloak)
rCorr   .          Rampage  .   (no gloves)
Will    .....                   (no boots)
Stlth   +.........              (no amulet)
HPRegen 0.09/turn               (no ring)
MPRegen 0.09/turn               (no ring)

@: studying Dodging
A: fangs 1, strong nose, distributed training
a: Renounce Religion, Depart the Abyss


You were on level 1 of the Dungeon.
You worshipped Lugonu.
Lugonu was aware of your devotion.
You visited 1 branch of the dungeon, and saw 1 of its levels.
You visited the Abyss 1 time.

You collected 30 gold pieces.

Inventory:

Hand Weapons
 a - a +1 hand axe
 c - a +0 dagger of venom (weapon)
Armour
 b - a +0 leather armour (worn)


   Skills:
 + Level 6.5 Fighting
 + Level 0.4 Short Blades
 + Level 0.4 Long Blades
 + Level 4.5 Axes
 + Level 0.4 Maces & Flails
 + Level 0.4 Polearms
 + Level 0.4 Staves
 + Level 0.4 Slings
 + Level 0.4 Bows
 + Level 0.4 Crossbows
 + Level 0.4 Throwing
 + Level 4.5 Armour
 + Level 2.6 Dodging
 + Level 0.4 Stealth
 + Level 0.4 Shields
 + Level 0.4 Unarmed Combat
 + Level 0.4 Spellcasting
 + Level 0.2 Conjurations
 + Level 0.2 Hexes
 + Level 0.2 Summonings
 + Level 0.2 Necromancy
 + Level 0.2 Translocations
 + Level 0.2 Transmutations
 + Level 0.2 Fire Magic
 + Level 0.2 Ice Magic
 + Level 0.2 Air Magic
 + Level 0.2 Earth Magic
 + Level 0.2 Poison Magic
 + Level 4.5 Invocations
 + Level 0.4 Evocations


You had one spell level left.
You didn't know any spells.
Your spell library was empty.

Dungeon Overview and Level Annotations

Branches:
Dungeon (1/15)

Altars:


Innate Abilities, Weirdness & Mutations

You have very sharp teeth.
Your uncanny sense of smell can sniff out nearby items.
Your experience applies equally to all skills.


Message History

You hit the ball python.
The ball python is poisoned.
The ball python is moderately wounded.
The ball python bites you. The ball python constricts you.
The endoplasm hits you.
You hit the ball python.
You kill the ball python!
Lugonu accepts your kill.
You can now depart the Abyss.
The endoplasm freezes you.
You are frozen.
You hit the hobgoblin but do no damage.
The hobgoblin is poisoned.
The hobgoblin misses you. The endoplasm freezes you.
You are frozen.
You closely miss the hobgoblin. The hobgoblin hits you.
* * * LOW HITPOINT WARNING * * *
The endoplasm misses you.
You hit the hobgoblin.
The hobgoblin looks as sick as possible!
The hobgoblin is heavily wounded.
You kill the hobgoblin!
Lugonu accepts your kill. The endoplasm freezes you.
You are frozen.
* * * LOW HITPOINT WARNING * * *
You closely miss the kobold. The kobold hits you but does no damage.
The endoplasm freezes you.
You are frozen.
* * * LOW HITPOINT WARNING * * *
You hit the kobold.
You kill the kobold!
Lugonu accepts your kill.
The endoplasm hits you but does no damage.
Items here: ( ) [ ††.
You barely miss the endoplasm.
You bite the endoplasm, but do no damage.
The endoplasm barely misses you.
You barely miss the endoplasm. The endoplasm freezes you.
You are frozen.
You die...

#### ∆ ∆ #... # ♣♣#
#...
#.##♣♣♣♣♣.########...
#...>+....+..........
#J#....########...
####@#....########...
###....................
#''...#################
.......)...#
#♣.♣.♣.♣.♣.#
......$...#
♣.♣.♣.♣#♣..∆ #.....∆
### ######


You could see an endoplasm.

Vanquished Creatures
  2 dart slugs (D:1)
  2 endoplasms (D:1)
  3 goblins (D:1)
  A hobgoblin (D:1)
  A ball python (D:1)
  A kobold (D:1)
  2 rats (D:1)
12 creatures vanquished.

Notes
Turn   | Place    | Note
-------+----------+-------------------------------------------
     0 | Abyss:1  | Gargoyl the Gnoll Abyssal Knight began the quest for the
                  | Orb.
     0 | Abyss:1  | Reached XP level 1. HP: 23/23 MP: 3/3
    74 | Abyss:1  | Noticed a large abomination
   131 | Abyss:2  | Noticed a neqoxec
   131 | Abyss:2  | Identified a scroll of acquirement
   131 | Abyss:2  | Acquired a manual of Dodging
   133 | D:1      | Escaped the Abyss
   277 | D:1      | Reached XP level 2. HP: 29/29 MP: 5/5
   474 | D:1      | Reached * piety under Lugonu
   482 | D:1      | Frozen to death by an endoplasm

Illustrated notes

Levels and vault maps discovered:
D:1:      tarquinn_simple_flora_water_b, layout_basic, serial_forest,
          infiniplex_forest_straight_3, infiniplex_forest_straight_5,
          infiniplex_forest_end_1, infiniplex_forest_lined_3,
          infiniplex_forest_straight_3, infiniplex_forest_end_1,
          infiniplex_forest_straight_4, infiniplex_forest_clump_C,
          ebering_ecumenical_altar_box

Action                   || total
-------------------------++-------
Melee: Hand axe          ||    20
       Bite              ||     4
       Dagger            ||    14
Invok: Depart the Abyss  ||     1
  Use: Scroll            ||     2
Armor: Leather armour    ||     8
Dodge: Dodged            ||    25

Table legend: (Time is in decaauts)
 A = Elapsed time spent in this place.
 B = Non-inter-level travel time spent in this place.
 C = Inter-level travel time spent in this place.
 D = Time resting spent in this place.
 E = Time spent auto-exploring this place.
 F = Levels seen in this place.
 G = Mean time per level.
                   A        B        C        D        E       F      G
               +--------+--------+--------+--------+--------+-----+--------+
         Total |    482 |    482 |      0 |      0 |    348 |   3 |  160.7 |
       Dungeon |    349 |    349 |      0 |      0 |    260 |   1 |  349.0 |
         Abyss |    132 |    132 |      0 |      0 |     88 |   2 |   66.0 |
               +--------+--------+--------+--------+--------+-----+--------+

Top non-repeatable levels by time:
     D:1: 349 daAuts
 Abyss:1: 125 daAuts
 Abyss:2: 7 daAuts
